 Dungeon Crawl Stone Soup version 0.25-a0-160-gd1d2e81aba (webtiles) character file.

Game seed: 17675895993685243271, levelgen mode: deterministic

16634 RedPan the Thaumaturge (level 12, -4/91 HPs)
             Began as a Yellow Draconian Ice Elementalist on Nov 21, 2019.
             Was a High Priest of Sif Muna.
             Slain by a black mamba (16 damage)
             ... on level 4 of the Lair of Beasts.
             The game lasted 00:46:46 (21036 turns).

RedPan the Thaumaturge (DrIE)                      Turns: 21036, Time: 00:46:47

Health: -4/91      AC: 12    Str: 12    XL:     12   Next: 11%
Magic:  17/26      EV: 16    Int: 19    God:    Sif Muna [*****.]
Gold:   560        SH:  6    Dex: 12    Spells: 22/31 levels left

rFire    . . .     SeeInvis .   t - +2 trident (flame)
rCold    + + .     Gourm    .   g - +1 buckler
rNeg     . . .     Faith    .   (armour unavailable)
rPois    .         Spirit   .   L - +1 hat {MR+}
rElec    .         Reflect  .   s - +2 cloak {MR+}
rCorr    +         Harm     .   (no gloves)
MR       ++++.                  (no boots)
Stlth    +.........             (no amulet)
HPRegen  0.25/turn              C - ring of protection from magic
MPRegen  0.20/turn              G - ring of Kuocimet {Wiz +Fly rC++ MR+ Stlth-}

@: no status effects
A: spit acid, unfitting armour, cold-blooded, acid resistance, AC +8
a: Breathe Acid, Channel Magic, Forget Spell, Divine Exegesis, Renounce
Religion, Evoke Flight


You were on level 4 of the Lair of Beasts.
You worshipped Sif Muna.
Sif Muna was extremely pleased with you.
You were not hungry.

You visited 3 branches of the dungeon, and saw 15 of its levels.
You also visited: Bailey.

You collected 927 gold pieces.
You spent 367 gold pieces at shops.

Inventory:

Hand Weapons
 t - a +2 trident of flaming (weapon)
Armour
 g - a +1 buckler (worn)
 j - a +1 shield of cold resistance
 s - a +2 cloak of magic resistance (worn)
 L - a +1 hat of magic resistance (worn)
Magical Staves
 y - an uncursed staff of conjuration
Jewellery
 i - an uncursed ring of protection from magic
 B - an uncursed ring of see invisible
 C - a ring of protection from magic (left hand)
 G - the ring of Kuocimet (right hand) {Wiz +Fly rC++ MR+ Stlth-}
   (You found it on level 8 of the Dungeon)

   [ring of wizardry]

   It improves your spell success rate.
   It greatly protects you from cold.
   It affects your resistance to hostile enchantments.
   It lets you fly.
   It makes you less stealthy.
 K - an uncursed ring of fire
Wands
 a - a wand of polymorph (11)
 I - a wand of flame (12)
 J - a wand of scattershot (5)
 M - a wand of disintegration (15)
Scrolls
 h - 2 scrolls of magic mapping
 l - 2 scrolls of enchant weapon
 n - 4 scrolls of teleportation
 r - 2 scrolls of enchant armour
 u - a scroll of fog
 v - 2 scrolls of blinking
 D - 5 scrolls of remove curse
 E - 4 scrolls of amnesia
 H - 4 scrolls of fear
 N - a scroll of identify
Potions
 c - 3 potions of lignification
 d - 4 potions of heal wounds
 e - 2 potions of berserk rage
 f - a potion of magic
 k - 4 potions of curing
 o - 2 potions of ambrosia
 p - 4 potions of agility
 q - 2 potions of might
 w - 2 potions of haste
 x - 3 potions of mutation
 z - a potion of flight
 A - a potion of invisibility
 F - 2 potions of brilliance
Miscellaneous
 m - a lamp of fire
Comestibles
 b - 23 rations


   Skills:
 - Level 4.0 Fighting
 - Level 7.0 Polearms
 + Level 8.2 Dodging
 - Level 2.0 Stealth
 - Level 4.1 Shields
 + Level 10.4 Spellcasting
 + Level 1.5 Conjurations
 - Level 5.2 Summonings
 + Level 7.1 Ice Magic
 + Level 7.1 Invocations


You had 22 spell levels left.
You knew the following spells:

 Your Spells              Type           Power        Failure   Level  Hunger
a - Freeze                Ice            ####         1%          1    None
b - Summon Ice Beast      Ice/Summ       ####....     2%          4    ##.....
c - Throw Icicle          Conj/Ice       ####....     4%          4    ##.....

Your spell library contained the following spells:

 Spells                   Type           Power        Failure   Level  Hunger
 Summon Small Mammal      Summ           ####         1%          1    None
 Throw Frost              Conj/Ice       ####..       1%          2    None
 Ozocubu's Armour         Chrm/Ice       ###.....     1%          3    None
 Animate Skeleton         Necr           N/A          2%          1    None
 Apportation              Tloc           #.....       2%          1    None
 Beastly Appendage        Tmut           #.....       2%          1    None
 Confusing Touch          Hex            #.....       2%          1    None
 Corona                   Hex            #......      2%          1    None
 Sticks to Snakes         Tmut           #.......     4%          2    None
 Ice Form                 Ice/Tmut       ###.....     6%          4    ##.....
 Confuse                  Hex            #.......     9%          3    None
 Gell's Gravitas          Tloc           #.........   9%          3    None
 Spider Form              Tmut/Pois      #.........   9%          3    None
 Metabolic Englaciation   Hex/Ice        ###.......   17%         5    #####..
 Petrify                  Tmut/Erth      #.......     26%         4    ##.....
 Blade Hands              Tmut           #.........   58%         5    #####..
 Yara's Violent Unravell  Hex/Tmut       #.........   58%         5    #####..
 Bolt of Fire             Conj/Fire      ##........   95%         6    ######.
 Conjure Ball Lightning   Conj/Air       ##........   95%         6    ######.
 Orb of Destruction       Conj           ###.......   100%        7    #######


Dungeon Overview and Level Annotations

Branches:
Dungeon (10/15)            Temple (1/1) D:4            Lair (4/6) D:8
  Snake (0/4) Lair:3          Orc (0/2) D:9          Bailey (visited)
  Swamp: Lair:2-4    Shoals: Lair:2-4

Altars:
Ashenzari
Cheibriados
Dithmenos
Elyvilon
Fedhas
Gozag
Hepliaklqana
Kikubaaqudgha
Makhleb
Nemelex Xobeh
Okawaru
Qazlal
Ru
Sif Muna
Trog
Uskayaw
Vehumet
Wu Jian
Xom
Yredelemnul
Zin
The Shining One

Shops:
D:4 (   D:5 [   D:6 :   D:8 =


Innate Abilities, Weirdness & Mutations

You can spit globs of acid.
Your golden yellow scales are hard. (AC +8)
You cannot fit into any form of body armour.
You are cold-blooded and may be slowed by cold attacks.
You are resistant to acid. (rCorr)


Message History

The blink frog blinks!
The black mamba misses you. The blink frog hits you.
The blink frog blinks!
You miss the blink frog.
The black mamba bites you but does no damage.
The black mamba closely misses you.
Your ice beast disappears in a puff of smoke!
The blink frog hits you!
Your ice beast hits the elephant but does no damage.
The black mamba closely misses you. The blink frog hits you.
The blink frog closely misses you.
The blink frog blinks!
The blink frog closely misses you. x2
The black mamba bites you!
* * * LOW HITPOINT WARNING * * *
The blink frog hits you.
* * * LOW HITPOINT WARNING * * *
The blink frog closely misses you. The blink frog hits you!
* * * LOW HITPOINT WARNING * * *
The black mamba bites you!
You die...

#......# #......# #.....#
#### ##.....# #
#######P.####P....####.##
.......§.................
........§..Y...Y.......?.
.......§.>.Y.Y.S.........
P.###.#.#§##§#FF@.#.#...#
### #########..F..### ###
#......# ##....## #.....#
#.....# #....## #....#
#....##


You could see 2 elephants, a black mamba, 3 blink frogs and 2 friendly ice
beasts.

Vanquished Creatures
  A black mamba (Lair:3)
  A rime drake (Lair:4)
  A komodo dragon (Lair:2)
  A blink frog (Lair:4)
  A spriggan (D:7)
  11 yaks
  A hungry ghost (D:9)
  A steam dragon (D:8)
  2 nagas (Lair:3)
  4 water moccasins
  A porcupine (Lair:1)
  2 slaves (D:6)
  2 orc warriors
  2 ice beasts
  An eye of draining (D:10)
  4 ogres
  3 wolves
  3 centaurs
  2 crocodiles
  6 bullfrogs
  9 killer bees
  4 scorpions
  2 wights (D:9)
  2 howler monkeys
  6 crimson imps
  3 jellies
  A bullfrog zombie (D:8)
  5 hounds
  3 orc priests
  5 iguanas
  6 orc wizards
  5 worker ants
  A hound zombie (D:6)
  A hound skeleton (D:9)
  2 worker ant zombies
  10 adders
  3 shadow imps
  An adder zombie (D:7)
  An adder skeleton (D:4)
  2 worms
  3 dart slugs
  8 leopard geckos
  24 orcs
  9 giant cockroaches
  8 hobgoblins
  21 jackals
  4 quokkas
  3 ball pythons
  10 bats
  A frilled lizard (D:1)
  9 goblins
  12 kobolds
  A quokka zombie (D:5)
  29 rats
264 creatures vanquished.

Vanquished Creatures (collateral kills)
  Gastronok (Lair:3)
  2 hydras
  A two-headed ogre (D:10)
  Pikel (D:7)
  An elephant (Lair:4)
  A black mamba (Lair:1)
  A gargoyle (D:10)
  A spiny frog (Lair:3)
  A centaur skeleton (D:10)
  A yaktaur (D:10)
  A kobold demonologist (D:8)
  2 komodo dragons
  2 trolls
  A queen bee (Lair:2)
  Grinder (D:5)
  2 blink frogs (Lair:4)
  3 hippogriffs
  19 yaks
  A hungry ghost (D:10)
  Grum (Lair:1)
  Menkaure (D:7)
  4 nagas (Lair:3)
  4 water moccasins
  6 porcupines
  15 orc warriors
  2 sky beasts (D:6)
  2 slaves (D:6)
  A black bear (D:10)
  3 wolves
  2 ogres
  7 crocodiles
  A big kobold (D:10)
  A bullfrog (Lair:2)
  15 killer bees
  2 wights (D:9)
  A crimson imp (D:9)
  A jelly (D:10)
  5 orc wizards
  5 orc priests
  2 iguanas (D:10)
  An adder (D:10)
  An ooze (D:4)
  18 orcs
  3 kobolds (D:10)
147 creatures vanquished.

Vanquished Creatures (others)
  5 fungi
  2 plants
7 creatures vanquished.

Grand Total: 418 creatures vanquished

Notes
Turn   | Place    | Note
-------+----------+-------------------------------------------
     0 | D:1      | RedPan the Draconian Ice Elementalist began the quest for
                  | the Orb.
     0 | D:1      | Reached XP level 1. HP: 14/14 MP: 3/3
    80 | D:1      | Reached XP level 2. HP: 20/20 MP: 0/5
   682 | D:1      | Reached XP level 3. HP: 26/26 MP: 6/6
   690 | D:1      | Found an ancient bone altar of Kikubaaqudgha.
   692 | D:1      | Found a shimmering altar of Xom.
   692 | D:1      | Found a hazy altar of Hepliaklqana.
   705 | D:1      | Found a shimmering altar of Xom.
   705 | D:1      | Found a stormy altar of Qazlal.
   705 | D:1      | Found a sparkling altar of Nemelex Xobeh.
   793 | D:2      | Reached skill level 1 in Shields
   805 | D:2      | Reached XP level 4. HP: 21/33 MP: 0/8
  1128 | D:2      | Reached skill level 3 in Spellcasting
  1151 | D:2      | Learned a level 4 spell: Summon Ice Beast
  1413 | D:2      | Found a burning altar of Makhleb.
  1415 | D:2      | Found a glowing golden altar of the Shining One.
  1416 | D:2      | Found an iron altar of Okawaru.
  1416 | D:2      | Found a blossoming altar of Fedhas.
  1416 | D:2      | Found a sacrificial altar of Ru.
  1416 | D:2      | Found a bloodstained altar of Trog.
  1474 | D:2      | Reached XP level 5. HP: 38/38 MP: 7/9
  2007 | D:3      | Reached skill level 1 in Summonings
  2992 | D:4      | Noticed an ogre
  2998 | D:4      | Killed an ogre
  3135 | D:4      | Reached XP level 6. HP: 37/45 MP: 7/11
  3509 | D:4      | Found a staircase to the Ecumenical Temple.
  3545 | Temple   | Entered the Ecumenical Temple
  3893 | Temple   | Became a worshipper of Sif Muna the Loreminder
  3996 | D:4      | Found Losued's Antique Weapon Emporium.
  4627 | D:5      | Entered Level 5 of the Dungeon
  4634 | D:5      | Noticed an ice beast
  4671 | D:4      | Killed an ice beast
  4671 | D:4      | Reached skill level 4 in Spellcasting
  4671 | D:4      | Your scales start taking on a golden yellow colour.
  4671 | D:4      | Reached XP level 7. HP: 22/50 MP: 3/13
  4671 | D:4      | Gained mutation: You are resistant to acid. (rCorr) [Yellow
                  | Draconian growth]
  4867 | D:5      | Reached skill level 5 in Ice Magic
  5116 | D:5      | Found Melloop's Antique Armour Emporium.
  5124 | D:5      | Bought an embroidered cloak for 142 gold pieces
  5230 | D:5      | Noticed Grinder
  5259 | D:5      | Killed Grinder
  5868 | D:5      | Reached XP level 8. HP: 57/57 MP: 11/15
  6000 | D:6      | Reached skill level 5 in Spellcasting
  6249 | D:6      | Found a shattered altar of Ashenzari.
  6260 | D:6      | Found a hide-covered altar of Uskayaw.
  6492 | D:6      | Reached * piety under Sif Muna
  6512 | D:5      | Reached skill level 5 in Summonings
  6786 | D:6      | Found Qoxiy's Book Boutique.
  7183 | D:7      | Noticed Pikel
  7360 | D:7      | Killed Pikel
  7360 | D:7      | Reached skill level 1 in Fighting
  7360 | D:7      | Reached skill level 1 in Polearms
  7427 | D:7      | Reached skill level 6 in Spellcasting
  7538 | D:7      | Got a crystal dagger
  7539 | D:7      | Identified the +8 dagger of Ecveg {holy, +Rage rC+} (You
                  | found it on level 7 of the Dungeon)
  7595 | D:7      | Reached XP level 9. HP: 57/67 MP: 18/18
  8265 | D:7      | Noticed Menkaure
  8271 | D:7      | Killed Menkaure
  8393 | D:7      | Found a sacrificial altar of Ru.
  8736 | D:8      | Found Yruidead's Jewellery Shoppe.
  8748 | D:8      | Bought an uncursed ring of see invisible for 225 gold
                  | pieces
  8822 | D:8      | Found a white marble altar of Elyvilon.
  8826 | D:8      | Reached ** piety under Sif Muna
  8835 | D:8      | Reached skill level 7 in Spellcasting
  9233 | D:8      | Found a staircase to the Lair.
  9310 | D:8      | Found a flagged portal.
  9321 | Bailey   | Entered a bailey
 10240 | Bailey   | Reached skill level 5 in Polearms
 10361 | Bailey   | Reached XP level 10. HP: 17/78 MP: 13/21
 11008 | Bailey   | Found a roughly hewn altar of Beogh.
 11008 | Bailey   | Noticed an orc knight
 11719 | D:8      | Got a transparent bronze ring
 11721 | D:8      | Identified the ring of Kuocimet {Wiz +Fly rC++ MR+ Stlth-}
                  | (You found it on level 8 of the Dungeon)
 12137 | D:9      | Reached *** piety under Sif Muna
 12153 | D:9      | Found a staircase to the Orcish Mines.
 12702 | D:9      | Reached skill level 8 in Spellcasting
 12807 | D:9      | Found a hazy altar of Hepliaklqana.
 13049 | D:10     | Entered Level 10 of the Dungeon
 13061 | D:10     | Noticed a gargoyle
 13067 | D:10     | Killed a gargoyle
 13765 | D:10     | Reached skill level 5 in Dodging
 14181 | D:10     | Noticed a two-headed ogre
 14187 | D:10     | Killed a two-headed ogre
 14265 | D:10     | Identified the Papyrus of Hurtful Bewitchment
 14334 | D:10     | Reached **** piety under Sif Muna
 14418 | D:10     | Reached skill level 1 in Invocations
 15158 | Lair:1   | Entered Level 1 of the Lair of Beasts
 15494 | D:8      | Reached XP level 11. HP: 56/84 MP: 19/23
 15619 | Lair:1   | Reached skill level 9 in Spellcasting
 16218 | Lair:1   | Noticed Grum
 16231 | Lair:1   | Killed Grum
 16917 | Lair:2   | You fall into a shaft and drop 2 floors!
 17709 | Lair:2   | Reached skill level 5 in Invocations
 19421 | Lair:3   | Noticed Gastronok
 19433 | Lair:3   | Killed Gastronok
 19433 | Lair:3   | Reached skill level 10 in Spellcasting
 19770 | Lair:3   | Found a staircase to the Snake Pit.
 20217 | Lair:3   | Noticed a four-headed hydra
 20230 | Lair:3   | Killed a four-headed hydra
 20240 | Lair:3   | Reached XP level 12. HP: 76/91 MP: 8/26
 20371 | Lair:3   | Reached ***** piety under Sif Muna
 20596 | Lair:3   | Learned a level 4 spell: Throw Icicle
 20662 | Lair:4   | Noticed a seven-headed hydra
 20677 | Lair:4   | Killed a seven-headed hydra
 21036 | Lair:4   | Slain by a black mamba

Levels and vault maps discovered:
D:1:      roderic_crossed_star, layout_rooms, doesnt_xom_only_xom
D:2:      layout_loops_ring, grunt_temple_overflow_open,
          roderic_serpentine_path, minmay_circle_x
D:3:      layout_loops_ring, minmay_rat_hole
D:4:      layout_basic, minmay_temple_entry_junction_2, serial_shops, shop,
          corexii_shack
D:5:      cheibrodos_quashed, layout_basic, serial_shops, shop, first_ration,
          minmay_checkerbox, uniq_grinder
D:6:      layout_gridville, chequers_temple_overflow_statue_of_worship,
          serial_shops, nicolae_shop_waterfront
D:7:      layout_layer_cave, the_bakery, nicolae_ru_the_path_less_chosen,
          uniq_menkaure, uniq_pikel
D:8:      layout_basic, elyvilon_altar_3, lair_entry_dummy, enter_bailey_2,
          serial_shops, nicolae_shop_crystal
D:9:      layout_stronghold, kennysheep_mini_moat, david_orc_3
D:10:     minmay_the_grid_square_5x5_3x3 [minmay_the_grid_square_5x5_minibox,
          minmay_the_grid_square_5x5_shrine1,
          minmay_the_grid_square_5x5_tetrominoes,
          minmay_the_grid_square_5x5_checkered_sparse,
          minmay_the_grid_square_5x5_megaprize_hollow,
          minmay_the_grid_square_5x5_empty,
          minmay_the_grid_square_5x5_tri_point,
          minmay_the_grid_square_5x5_n_small,
          minmay_the_grid_square_5x5_spiral], layout_basic
Temple:   minmay_temple_forest_path
Lair:1:   layout_hall_layers, uniq_grum
Lair:2:   layout_cave_shapes, special_room [special_room_bee], st_stairs_7,
          serial_bayou_shore_b
Lair:3:   layout_cave_pods, minmay_snake_entry_guardpost_large, uniq_gastronok
Lair:4:   layout_hall_layers, elwin_shoals_entry_rooms

Skill      XL: |  1  2  3  4  5  6  7  8  9 10 11 12 |
---------------+-------------------------------------+-----
Stealth        | 2 |  2.0
Dodging        | 2 3 5 8 |  8.2
Shields        | 1 2 3 4 |  4.1
Spellcasting   | 3 4 6 7 8 10 | 10.4
Ice Magic      | 4 5 6 7 |  7.1
Summonings     | 1 2 3 5 |  5.2
Fighting       | 1 4 |  4.0
Polearms       | 1 5 7 |  7.0
Invocations    | 2 6 7 |  7.1
Conjurations   | |  1.5

Action                   |  1- 3 |  4- 6 |  7- 9 | 10-12 || total
-------------------------+-------+-------+-------+-------++-------
Melee: Spear             |    54 |   272 |   105 |       ||   431
       Tailslap          |     6 |    23 |    14 |    55 ||    98
       Trident           |       |       |   126 |   540 ||   666
 Cast: Freeze            |    21 |    97 |   126 |    32 ||   276
       Summon Ice Beast  |       |     4 |    56 |   174 ||   234
  Use: Scroll            |       |    16 |     5 |     8 ||    29
       Potion            |       |     4 |       |     1 ||     5
 Stab: Sleeping          |     2 |    16 |     6 |     1 ||    25
       Distracted        |       |       |     1 |     9 ||    10
  Eat: Chunk             |       |    13 |    15 |    18 ||    46
       Ration            |       |       |     4 |     9 ||    13
Armor: Skin              |    27 |    81 |    98 |   140 ||   346
Dodge: Dodged            |    40 |   180 |   164 |   399 ||   783
Block: Buckler           |    11 |    69 |    79 |   165 ||   324

Table legend:
 A = Non-vault XP
 B = Vault XP
 C = Vault XP percentage of total XP
 D = Non-vault monster count
 E = Vault monster count
 F = Vault count percentage of total count
                 A         B        C        D         E       F
            +---------+---------+-------+---------+---------+-------
      Total |   17941 |    5822 |  24.5 |     309 |      98 |  24.1
            +---------+---------+-------+---------+---------+-------
        D:1 |      44 |       0 |   0.0 |      27 |       0 |   0.0
        D:2 |     121 |      58 |  32.4 |      38 |       4 |   9.5
        D:3 |      57 |      20 |  26.0 |      18 |      19 |  51.4
        D:4 |     505 |       2 |   0.4 |      20 |       1 |   4.8
        D:5 |     372 |     263 |  41.4 |       9 |       5 |  35.7
        D:6 |     904 |       0 |   0.0 |      24 |       0 |   0.0
        D:7 |    1029 |     612 |  37.3 |      22 |       3 |  12.0
        D:8 |    2335 |       0 |   0.0 |      39 |       0 |   0.0
        D:9 |     840 |      86 |   9.3 |      14 |       6 |  30.0
       D:10 |    2045 |     535 |  20.7 |      34 |       6 |  15.0
     Lair:1 |    1994 |     575 |  22.4 |      16 |       8 |  33.3
     Lair:2 |    1710 |     920 |  35.0 |      12 |      17 |  58.6
     Lair:3 |    3728 |    1916 |  33.9 |      24 |       7 |  22.6
     Lair:4 |    2257 |       0 |   0.0 |      12 |       0 |   0.0
     Bailey |       0 |     835 | 100.0 |       0 |      22 | 100.0
            +---------+---------+-------+---------+---------+-------
